 Dungeon Crawl Stone Soup version 0.22-a0-353-g2d6336e718 (webtiles) character file.

274 Knicklaso the Chucker (level 6, 0/63 HPs)
             Began as an Ogre Hunter on Apr 15, 2018.
             Slain by an orc wizard
             ... wielding a +0 dagger
              (2 damage)
             ... on level 4 of the Dungeon.
             The game lasted 00:09:47 (4462 turns).

Knicklaso the Chucker (Ogre Hunter)                 Turns: 4462, Time: 00:09:47

Health: 0/63       AC:  5    Str: 17    XL:     6   Next: 24%
Magic:  6/6        EV: 15    Int: 19    God:
Gold:   158        SH:  0    Dex: 14    Spells: 5/5 levels left

rFire    . . .     SeeInvis .   n - +1 dagger (venom)
rCold    . . .     Gourm    .   (no shield)
rNeg     . . .     Faith    .   b - +0 robe
rPois    .         Spirit   .   a - +2 hat
rElec    .         Reflect  .   (no cloak)
rCorr    .         Harm     .   (gloves unavailable)
MR       .....                  (boots unavailable)
Stlth    +++.......             (no amulet)
HPRegen  0.20/turn              (no ring)
MPRegen  0.10/turn              (no ring)

@: brilliant, agile, invisible
A: large, unfitting armour, tough skin 1
a: no special abilities


You were on level 4 of the Dungeon.
You were not hungry.

You visited 1 branch of the dungeon, and saw 4 of its levels.

You collected 158 gold pieces.

Inventory:

Hand Weapons
 k - a +0 club
 l - a +0 mace of crushing
 m - a +0 mace
 n - a +1 dagger of venom (weapon)
Missiles
 c - 5 large rocks
 d - 2 throwing nets
 u - 3 tomahawks (quivered)
Armour
 a - a +2 hat (worn)
 b - a +0 robe (worn)
 w - a +1 hat
Jewellery
 r - a +2 amulet of reflection {unknown}
Scrolls
 e - a scroll of noise {unknown}
 j - 2 scrolls of enchant weapon {unknown}
 p - 2 scrolls of identify {unknown}
 t - a scroll of fear {unknown}
Potions
 o - a potion of might {unknown}
 q - a potion of berserk rage {unknown}
 s - a potion of lignification {unknown}
Comestibles
 f - 3 rations


   Skills:
 + Level 4.5 Fighting
 - Level 0.6 Short Blades
 * Level 3.1 Maces & Flails
 + Level 5.4 Throwing
 - Level 1.7 Dodging
 - Level 0.6 Stealth


You had 5 spell levels left.
You didn't know any spells.

Dungeon Overview and Level Annotations

Branches:
Dungeon (4/15)
 Temple: D:4-7

Altars:
Trog
Yredelemnul


Innate Abilities, Weirdness & Mutations

You are too large for most types of armour.
You have tough skin. (AC +1)


Message History

a dagger; a robe It was a potion of agility.
You feel agile all of a sudden.
The orc hits you with a short sword of freezing.
* * * LOW HITPOINT WARNING * * *
The orc freezes you.
* * * LOW HITPOINT WARNING * * *
Something hits you.
* * * LOW HITPOINT WARNING * * *
The orc priest hits you with a dagger.
* * * LOW HITPOINT WARNING * * *
It was a potion of brilliance.
You feel clever all of a sudden. The orc barely misses you.
The orc priest hits you but does no damage.
Something hits you but does no damage.
It was a potion of invisibility.
You fade into invisibility!
The orc misses you. Something hits you.
You die...

.....<..#.o....#
........#......#
........#......#
.......['......#
........#......#
........#......# ###
........#......#+##
...#..#####..####......#
........# .##o@..#......#
........#.[∩55#.{o.#......#
......#.##..$##....#†.....#
......#..#####.....#......#
......#............#......#
......#>...#.......'......#
......#....#.......#......#
......#'##########+#......#
####........... ..######


You could see an orc priest, 2 quasits and an orc.

Vanquished Creatures
  The ghost of dricus the Skirmisher, a weakling DsAK of Lugonu (D:3)
  2 orc wizards
  A jelly (D:3)
  An orc priest (D:3)
  4 adders
  An ooze (D:3)
  2 dart slugs (D:1)
  A worm (D:3)
  A leopard gecko (D:1)
  2 orcs (D:3)
  9 bats
  11 giant cockroaches
  8 hobgoblins
  3 jackals (D:2)
  4 kobolds
  7 frilled lizards
  6 goblins
  4 rats
68 creatures vanquished.

Notes
Turn   | Place    | Note
-------+----------+-------------------------------------------
     0 | D:1      | Knicklaso the Ogre Hunter began the quest for the Orb.
     0 | D:1      | Reached XP level 1. HP: 22/22 MP: 1/1
    97 | D:1      | Reached XP level 2. HP: 21/29 MP: 2/2
   805 | D:1      | Reached XP level 3. HP: 32/36 MP: 3/3
  1767 | D:1      | Reached skill level 1 in Maces & Flails
  1843 | D:2      | Reached XP level 4. HP: 21/45 MP: 4/4
  2561 | D:3      | Found a bloodstained altar of Trog.
  2563 | D:3      | Found a basalt altar of Yredelemnul.
  2593 | D:3      | Reached skill level 5 in Throwing
  2895 | D:3      | Reached XP level 5. HP: 33/54 MP: 5/5
  3222 | D:3      | Noticed dricus's ghost (weakling DsAK)
  3699 | D:3      | Killed dricus's ghost
  3740 | D:3      | Reached XP level 6. HP: 63/63 MP: 6/6
  4460 | D:4      | HP: 2/63 [orc priest/dagger (2)]
  4462 | D:4      | Slain by an orc wizard

Vault maps used:
D:1:      lemuel_arrival_river_ford, serial_curves, eino_curves_02,
          eino_curves_04
D:2:      serial_forest, infiniplex_forest_straight_5, infiniplex_forest_end_1,
          infiniplex_forest_clump_curved, infiniplex_forest_join,
          infiniplex_forest_lined_3, infiniplex_forest_straight_2
D:3:      nicolae_overflow_hidden_temple
D:4:      cheibrodos_quashed, lemuel_angel_altar, uniq_natasha

Skill      XL: |  1  2  3  4  5  6 |
---------------+-------------------+-----
Fighting       | 3 4 |  4.5
Maces & Flails | 1 2 3 |  3.1
Throwing       | 5 |  5.4
Short Blades   | |  0.6
Dodging        | |  1.7
Stealth        | |  0.6

Action                   |  1- 3 |  4- 6 || total
-------------------------+-------+-------++-------
Melee: Short sword       |   106 |       ||   106
       Club              |   102 |     1 ||   103
       Dagger            |       |   129 ||   129
Throw: Large rock        |     1 |     1 ||     2
       Tomahawk          |       |     5 ||     5
  Use: Potion            |       |     3 ||     3
 Stab: Sleeping          |     1 |       ||     1
  Eat: Chunk             |     3 |     5 ||     8
       Ration            |       |     1 ||     1
Armor: Robe              |    99 |    42 ||   141
Dodge: Dodged            |   159 |    64 ||   223

Table legend:
 A = Spawn XP
 B = Non-spawn XP
 C = Spawn XP percentage of total XP
 D = Spawn monster count
 E = Non-spawn monster count
 F = Spawn count percentage of total count
 G = Total turns spent on level
                    A         B        C        D         E        F      G
               +---------+---------+-------+---------+---------+-------+---------
         Total |       0 |     392 |   0.0 |       0 |      68 |   0.0 |  4462
               +---------+---------+-------+---------+---------+-------+---------
           D:1 |       0 |      60 |   0.0 |       0 |      27 |   0.0 |  1578
           D:2 |       0 |      45 |   0.0 |       0 |      19 |   0.0 |  1167
           D:3 |       0 |     242 |   0.0 |       0 |      19 |   0.0 |  1649
           D:4 |       0 |      45 |   0.0 |       0 |       3 |   0.0 |    68
               +---------+---------+-------+---------+---------+-------+---------
